 Dungeon Crawl Stone Soup version 0.29-a0-284-gf9362112df (webtiles) character file.

Game seed: 10463529772643124732

2851 spaghetti the Covert (level 9, -11/102 HPs)
             Began as a Naga Earth Elementalist on Mar 21, 2022.
             Was a Priest of Fedhas.
             Mangled by an orc warrior
             ... wielding a +0 halberd
              (14 damage)
             ... on level 7 of the Dungeon.
             The game lasted 00:19:32 (7309 turns).

spaghetti the Covert (Naga Earth Elementalist)      Turns: 7309, Time: 00:19:33

Health: -11/102    AC: 24    Str: 10    XL:     9   Next: 74%
Magic:  1/17       EV:  1    Int: 19    God:    Fedhas [***...]
Gold:   325        SH:  0    Dex: 19    Spells: 15/21 levels left

rFire   . . .      SeeInvis +   C - +1 short sword (speed) {short}
rCold   . . .      Faith    .   (no shield)
rNeg    . . .      Spirit   .   (body armour currently unavailable)
rPois   +          Reflect  .   (helmet currently unavailable)
rElec   .          Harm     .   (cloak currently unavailable)
rCorr   .          Rampage  .   (gloves currently unavailable)
Will    +....      NoTele   +   (no barding)
Stlth   +++++.....              u - amulet of regeneration {@e2}
HPRegen 1.07/turn               q - +6 ring of dexterity
MPRegen 0.15/turn               (no ring)

@: tree-form
A: stationary, stasis, torment immunity, boosted hp, AC +3, large, see
invisible, (deformed body), (poison resistance), (slowness 2), spit poison 1,
(naga tail 1), (iridescent scales 2), low MP 1
a: Spit Poison, Renounce Religion, Wall of Briars, Grow Ballistomycete


You were on level 7 of the Dungeon.
You worshipped Fedhas.
Fedhas was most pleased with you.
You were a tree.
You visited 1 branch of the dungeon, and saw 7 of its levels.

You collected 325 gold pieces.


Innate Abilities, Weirdness & Mutations

You are a tree.
Your roots penetrate the ground, keeping you stationary.
You cannot be teleported.
You are immune to unholy pain and torment.
Your maximum health is greatly increased.
Your equipment is partially melded.
((Your serpentine skin is tough. (AC +3)))
You have supernaturally acute eyesight. (SInv)
((Armour fits poorly on your strangely shaped body.))
((Your system is resistant to poisons. (rPois)))
((You cover ground very slowly.))
You can spit poison.
((You have a snake-like lower body.))
((You are mostly covered in iridescent scales. (AC +4)))
Your magical capacity is low. (-10% MP)


   Skills:
 - Level 1.5 Dodging
 - Level 12.0 Stealth
 + Level 6.6 Spellcasting
 - Level 2.0 Conjurations
 - Level 1.0 Transmutations
 - Level 5.0 Earth Magic
 + Level 7.2 Invocations


You had 15 spell levels left.
You knew the following spells:

 Your Spells              Type           Power      Damage    Failure   Level
a - Sandblast             Erth           50%        2d12      1%          1
b - Stone Arrow           Conj/Erth      38%        3d9       8%          3
c - Passwall              Tmut/Erth      14%        N/A       4%          2

Your spell library contained the following spells:

 Spells                   Type           Power      Damage    Failure   Level
 Beastly Appendage        Tmut           20%        N/A       7%          1
 Animate Skeleton         Necr           12%        N/A       11%         1
 Pain                     Necr           24%        1d5       11%         1
 Wereblood                Tmut           10%        N/A       11%         2
 Blink                    Tloc           12%        N/A       16%         2
 Spider Form              Tmut/Pois      8%         N/A       26%         3
 Petrify                  Tmut/Erth      17%        N/A       30%         4
 Gell's Gravitas          Tloc           6%         N/A       32%         3
 Lesser Beckoning         Tloc           6%         N/A       32%         3
 Teleport Other           Tloc           6%         N/A       32%         3
 Vampiric Draining        Necr           6%         2d6       32%         3
 Manifold Assault         Tloc           6%         N/A       96%         5

Inventory:

Hand Weapons
 e - a +0 whip {mace}
   (You found it on level 1 of the Dungeon)
 f - a +0 war axe {axe}
   (You found it on level 1 of the Dungeon)
 i - a +0 dagger {short}
   (You took it off a kobold on level 1 of the Dungeon)
 j - a +0 club {mace}
   (You took it off a kobold on level 1 of the Dungeon)
 m - a +0 short sword {short}
   (You took it off a kobold on level 1 of the Dungeon)
 C - a +1 short sword of speed (weapon) {short}
   (You took it off an orc on level 6 of the Dungeon)
 E - a +0 rapier {short}
   (You found it on level 7 of the Dungeon)
 G - a +0 rapier {short}
   (You found it on level 5 of the Dungeon)
Missiles
 w - 5 poisoned darts {throwing}
 y - a throwing net {=f!fthrowing}
 I - 15 stones {throwing}
Armour
 b - a +0 robe (melded)
 r - a +0 plate armour
   (You found it on level 2 of the Dungeon)
 z - a +0 kite shield
   (You found it on level 4 of the Dungeon)
 D - the +2 robe of Indomitability {+Blink Fly rC+ Int-5}
   (You found it on level 5 of the Dungeon)

   Int:       It affects your intelligence (-5).
   rC:        It protects you from cold.
   Fly:       It grants you flight.
   +Blink:    It lets you blink.
Magical Staves
 p - a staff of air {!astaff}
   (You found it on level 2 of the Dungeon)
 v - a staff of air {!astaff}
   (You found it on level 3 of the Dungeon)
Jewellery
 l - a ring of ice
   (You found it on level 4 of the Dungeon)
 q - a +6 ring of dexterity (left branch)
   (You found it on level 2 of the Dungeon)
 u - an amulet of regeneration (around neck) {@e2}
   (You found it on level 3 of the Dungeon)
 F - an amulet of faith {!P}
   (You took it off an orc on level 7 of the Dungeon)
Wands
 x - a wand of flame (8)
   (You found it on level 3 of the Dungeon)
 H - a wand of charming (6)
   (You took it off Pikel on level 7 of the Dungeon)
Scrolls
 g - 3 scrolls of blinking {!r}
 h - 6 scrolls of enchant weapon
 n - 7 scrolls of teleportation {@r4}
 o - 2 scrolls of silence {!r}
 s - a scroll of amnesia
 t - a scroll of immolation {!r!r}
 A - a scroll of identify {@r1}
 K - a scroll of fear
Potions
 a - a potion of mutation {!q}
 c - a potion of magic
 d - 3 potions of attraction {!q}
 B - a potion of flight

Dungeon Overview and Level Annotations

Branches:
Dungeon (7/15)             Temple (0/1) D:6

Altars:
Ashenzari
Fedhas
Zin

#..#... .... ..
...#...#... ...
.........##..##
#..............
.##....o.........
...[..).o..o....
.....)ho.o..?...
......oā™£...o.#
#.......)....##ā™£Pā™£
.........F.......
.............##ā™£
.............######
................#...
#....................
.......##...........#.##
........................


You could see an orc warrior (ally target), an orc (ally target), a friendly
bullfrog (summoned), a friendly hound (summoned) and 5 friendly orcs.


Message History

The stone arrow hits the orc wizard!
The orc shouts! šŸ˜Ž MP[-3]
You lost 3 mp, and now have 11/17 mp.
Casting: Stone Arrow (dangerous; 8% risk of failure)
Confirm with . or Enter, or press ? or * to list all spells.
Aiming: Stone Arrow (dangerous; 8% risk of failure)
Press: ? - help, Shift-Dir - straight line, f/p - orc wizard
Aim: an orc wizard, wielding a +0 dagger and wearing a +0 robe (almost dead, 60% to hit)
The stone arrow hits the orc wizard!
You kill the orc wizard!
Fedhas appreciates your contribution to the ecosystem. šŸ˜Ž MP[-3]
You lost 3 mp, and now have 8/17 mp.
Casting: Stone Arrow (dangerous; 8% risk of failure)
Confirm with . or Enter, or press ? or * to list all spells.
Aiming: Stone Arrow (dangerous; 8% risk of failure)
Press: ? - help, Shift-Dir - straight line, f - orc warrior
Aim: an orc warrior, wielding a +0 halberd and wearing a +0 chain mail (64% to hit)
You miscast Stone Arrow.
You are very lightly contaminated with residual magic.
Nothing appears to happen.
The orc warrior hits you from afar with a +0 halberd! šŸ˜• HP[-8] MP[-3]
You take 8 damage, and now have 60/68 hp.
You lost 3 mp, and now have 5/17 mp.
Casting: Stone Arrow (dangerous; 8% risk of failure)
Confirm with . or Enter, or press ? or * to list all spells.
Aiming: Stone Arrow (dangerous; 8% risk of failure)
Press: ? - help, Shift-Dir - straight line, f/p - orc warrior
Aim: an orc warrior, wielding a +0 halberd and wearing a +0 chain mail (64% to hit)
The stone arrow hits the orc warrior but does no damage.
The orc warrior hits you but does no damage. šŸ˜• HP[+1] MP[-2]
You lost 2 mp, and now have 3/17 mp.
Casting: Stone Arrow (dangerous; 8% risk of failure)
Confirm with . or Enter, or press ? or * to list all spells.
Aiming: Stone Arrow (dangerous; 8% risk of failure)
Press: ? - help, Shift-Dir - straight line, f/p - orc warrior
Aim: an orc warrior, wielding a +0 halberd and wearing a +0 chain mail (64% to hit)
The stone arrow hits the orc warrior!
The orc warrior hits you from afar with a +0 halberd! šŸ˜• HP[-7] MP[-3]
You take 7 damage, and now have 54/68 hp.
You lost 3 mp, and now have 0/17 mp.
Casting: Stone Arrow (dangerous; 8% risk of failure)
Confirm with . or Enter, or press ? or * to list all spells.
You don't have enough magic to cast this spell.
Casting: Stone Arrow (dangerous; 8% risk of failure)
Confirm with . or Enter, or press ? or * to list all spells.
You don't have enough magic to cast this spell.
Aiming: Spit Poison (1% risk of failure)
Press: ? - help, Q - select action, (/) - cycle Shift-Dir - straight line, f/p - orc warrior
Aim: an orc warrior, wielding a +0 halberd and wearing a +0 chain mail (moderately wounded, 60% to hit)
The splash of poison hits the orc warrior.
The orc warrior hits you from afar with a +0 halberd! šŸ˜® HP[-9]
You take 9 damage, and now have 45/68 hp.
Okay, then.
You completely miss the orc. The orc warrior closely misses you.
The orc barely misses you.
You hit the orc.
The orc warrior hits you from afar with a +0 halberd!
The orc completely misses you. šŸ˜® HP[-10]
You take 10 damage, and now have 35/68 hp.
You barely miss the orc.
The orc warrior hits you from afar with a +0 halberd!
* * * LOW HITPOINT WARNING * * *
The orc hits you but does no damage. x2 šŸ˜Ø HP[-10]
You take 10 damage, and now have 25/68 hp.
You hit the orc.
You kill the orc!
Fedhas appreciates your contribution to the ecosystem. šŸ˜Ø HP[+1]
The orc warrior hits you with a +0 halberd!
* * * LOW HITPOINT WARNING * * *
The orc hits you with a +0 whip.
* * * LOW HITPOINT WARNING * * *
The orc barely misses you.
The orc warrior hits you with a +0 halberd!
* * * LOW HITPOINT WARNING * * *
Your magical contamination has completely faded away. šŸ˜± HP[-24] MP[+1]
You take 24 damage, and now have 2/68 hp.
MASSIVE DAMAGE!! (PAUSE) It was a potion of lignification.
You turn into a tree.
Your +0 robe melds into your body.
Your roots penetrate the ground.
You have got your breath back.
The orc warrior hits you with a +0 halberd.
* * * LOW HITPOINT WARNING * * *
The orc hits you but does no damage. šŸ˜± HP[-1]
You now have 102 max hp (+34).
As you read the scroll of summoning, it crumbles to dust.
Wisps of shadow whirl around you...
The orc warrior hits you with a +0 halberd!
You die...
Fedhas appreciates your contribution to the ecosystem.

Skill      XL: |  1  2  3  4  5  6  7  8  9 |
---------------+----------------------------+-----
Stealth        | 4 5 6 7 9 11 12 | 12.0
Conjurations   | 2 |  2.0
Invocations    | 1 4 7 |  7.2
Spellcasting   | 4 6 |  6.6
Earth Magic    | 5 |  5.0
Dodging        | |  1.5
Transmutations | |  1.0

Action                   |  1- 3 |  4- 6 |  7- 9 || total
-------------------------+-------+-------+-------++-------
Melee: War axe           |    12 |       |    65 ||    77
       Punch             |       |       |     5 ||     5
       Short sword       |       |       |    53 ||    53
 Cast: Sandblast         |    31 |    68 |    85 ||   184
       Stone Arrow       |       |       |    19 ||    19
Invok: Wall of Briars    |       |     1 |     1 ||     2
       Grow Ballistomyce |       |       |     3 ||     3
 Abil: Spit Poison       |    24 |    22 |    28 ||    74
Evoke: Wand              |       |       |     2 ||     2
  Use: Potion            |     2 |     3 |     4 ||     9
       Scroll            |     1 |     8 |     5 ||    14
 Stab: Confused          |       |       |     1 ||     1
Armor: Robe              |     2 |     2 |    90 ||    94
       Skin              |       |       |     1 ||     1
Dodge: Dodged            |    15 |    22 |   115 ||   152

Levels and vault maps discovered:
D:1:      eino_arrival_water_cross, layout_loops_ring,
          shapermc_ecumenical_altar_hornbeckon, grunt_decor_clamped,
          minmay_crystal_water
D:2:      layout_basic, basic_altar, uniq_natasha
D:3:      layout_basic, mainiacjoe_overflow_small_starburst, minmay_pentangle
D:4:      layout_loops_ring, minmay_misc_feat_plants
D:5:      layout_basic
D:6:      layout_loops_ring, minmay_temple_entry_gardened_gates
D:7:      layout_cave_pools, dreamdust_princess_corridor, uniq_pikel

Notes
Turn   | Place    | Note
-------+----------+-------------------------------------------
     0 | D:1      | spaghetti the Naga Earth Elementalist began the quest for
                  | the Orb.
     0 | D:1      | Reached XP level 1. HP: 15/15 MP: 3/3
     0 | D:1      | magus.rc [v1.9.6]
    21 | D:1      | Found a faded altar of an unknown god.
   217 | D:1      | Reached skill level 4 in Stealth
   219 | D:1      | Reached XP level 2. HP: 22/22 MP: 1/5
   545 | D:1      | Reached skill level 5 in Stealth
   657 | D:1      | Reached XP level 3. HP: 9/28 MP: 1/6
  1371 | D:1      | Prayed at the altar of an unknown god.
  1371 | D:1      | Became a worshipper of Fedhas Madash
  1371 | D:1      | Reached * piety under Fedhas
  1716 | D:2      | Noticed Natasha
  1723 | D:2      | Killed Natasha
  1724 | D:2      | Reached skill level 6 in Stealth
  1724 | D:2      | Reached XP level 4. HP: 36/36 MP: 2/7
  1884 | D:2      | Reached skill level 7 in Stealth
  2203 | D:2      | Noticed Natasha
  2212 | D:2      | Reached XP level 5. HP: 42/42 MP: 8/8
  2215 | D:2      | Killed Natasha
  2216 | D:2      | Reached skill level 8 in Stealth
  2331 | D:2      | Noticed Natasha
  2339 | D:2      | Killed Natasha
  2397 | D:2      | You pick up a book of Necromancy and begin reading...
  2397 | D:2      | You add the spells Pain, Animate Skeleton and Vampiric
                  | Draining to your library.
  2491 | D:2      | Found a glowing silver altar of Zin.
  2829 | D:3      | Reached skill level 9 in Stealth
  2953 | D:3      | Reached ** piety under Fedhas
  3233 | D:3      | Reached XP level 6. HP: 49/49 MP: 6/9
  3339 | D:3      | Found a broken altar of Ashenzari.
  3947 | D:4      | Gained mutation: Your magical capacity is low. (-10% MP)
                  | [potion of mutation]
  3947 | D:4      | Gained mutation: You have hidden genetic potential. [potion
                  | of mutation]
  3947 | D:4      | HP: 12/49 [ogre/+0 giant club (23)]
  3955 | D:4      | Reached skill level 10 in Stealth
  4260 | D:4      | HP: 11/49 [ogre/+0 giant spiked club (12)]
  4263 | D:4      | Reached skill level 11 in Stealth
  4263 | D:4      | Reached XP level 7. HP: 15/55 MP: 3/9
  4279 | D:4      | Gained mutation: You are partially covered in iridescent
                  | scales. (AC +2) [hidden potential]
  4474 | D:4      | Reached skill level 12 in Stealth
  4478 | D:4      | Learned a level 3 spell: Stone Arrow
  4482 | D:4      | Learned a level 2 spell: Passwall
  4750 | D:4      | HP: 12/55 [gnoll/+0 flail (6)]
  4867 | D:5      | Entered Level 5 of the Dungeon
  4872 | D:5      | Identified the +2 robe of Indomitability {+Blink Fly rC+
                  | Int-5}
  4884 | D:5      | Reached skill level 1 in Conjurations
  5230 | D:5      | Reached *** piety under Fedhas
  5412 | D:5      | You pick up a book of Spatial Translocations and begin
                  | reading...
  5412 | D:5      | You add the spells Blink, Lesser Beckoning and Manifold
                  | Assault to your library.
  5562 | D:5      | Reached skill level 1 in Invocations
  5904 | D:6      | Reached skill level 2 in Conjurations
  5904 | D:6      | Reached XP level 8. HP: 34/62 MP: 4/11
  5906 | D:6      | Gained mutation: You are mostly covered in iridescent
                  | scales. (AC +4) [hidden potential]
  5906 | D:6      | Lost mutation: You have hidden genetic potential. [hidden
                  | potential expressed]
  5977 | D:6      | Noticed an unseen horror
  5997 | D:6      | HP: 11/62 [unseen horror (6)]
  5999 | D:6      | HP: 2/62 [unseen horror (6)]
  6010 | D:6      | Killed an unseen horror
  6011 | D:6      | Reached skill level 3 in Spellcasting
  6011 | D:6      | Reached skill level 4 in Earth Magic
  6011 | D:6      | Reached skill level 2 in Invocations
  6012 | D:6      | Found a staircase to the Ecumenical Temple.
  6025 | D:6      | HP: 10/62 [ogre/+0 giant club (14)]
  6040 | D:6      | Reached skill level 3 in Invocations
  6042 | D:6      | Reached skill level 4 in Spellcasting
  6175 | D:6      | Reached skill level 5 in Earth Magic
  6348 | D:6      | You pick up a book of Displacement and begin reading...
  6348 | D:6      | You add the spells Gell's Gravitas and Teleport Other to
                  | your library.
  6404 | D:6      | Reached skill level 4 in Invocations
  6555 | D:6      | You pick up a book of Changes and begin reading...
  6555 | D:6      | You add the spells Beastly Appendage, Wereblood and Spider
                  | Form to your library.
  6842 | D:7      | Noticed Pikel
  6881 | D:6      | Reached XP level 9. HP: 60/68 MP: 12/14
  6949 | D:7      | Reached skill level 5 in Spellcasting
  6949 | D:7      | Reached skill level 5 in Invocations
  6991 | D:7      | Killed Pikel
  6992 | D:7      | Reached skill level 6 in Invocations
  7041 | D:7      | Reached skill level 6 in Spellcasting
  7124 | D:7      | Reached skill level 7 in Invocations
  7307 | D:7      | HP: 17/68 [orc/+0 whip (2)]
  7307 | D:7      | HP: 2/68 [orc warrior/+0 halberd (15)]
  7309 | D:7      | Mangled by an orc warrior

Vanquished Creatures
  An unseen horror (D:6)
  A wyvern (D:7)
  A sky beast (D:7)
  An orc warrior (D:7)
  A black bear (D:4)
  4 ogres
  2 lemures (D:7)
  2 phantoms (D:6)
  A scorpion (D:6)
  4 wights (D:7)
  3 killer bees
  2 hounds
  A jelly (D:7)
  4 orc priests
  An iguana (D:7)
  Natasha (thrice) (D:2)
  3 orc wizards
  12 gnolls
  10 adders
  A shadow imp (D:7)
  2 white imps
  An ufetubus (D:5)
  A worm (D:2)
  6 dart slugs
  17 orcs
  6 bats
  4 endoplasms
  4 giant cockroaches
  6 goblins
  10 hobgoblins
  2 jackals (D:4)
  2 ball pythons (D:1)
  3 frilled lizards
  11 kobolds
  7 rats
140 creatures vanquished.

Vanquished Creatures (collateral kills)
  Pikel (D:7)
  An ogre (D:4)
  12 ballistomycete spores
14 creatures vanquished.

Vanquished Creatures (others)
  A ballistomycete spore (D:6)
  6 plants (D:6)
7 creatures vanquished.

Grand Total: 161 creatures vanquished

Table legend:
 A = Non-vault XP
 B = Vault XP
 C = Vault XP percentage of total XP
 D = Non-vault monster count
 E = Vault monster count
 F = Vault count percentage of total count
                 A         B        C        D         E       F
            +---------+---------+-------+---------+---------+-------
      Total |    3351 |     722 |  17.7 |     130 |      10 |   7.1
            +---------+---------+-------+---------+---------+-------
        D:1 |      50 |       0 |   0.0 |      28 |       0 |   0.0
        D:2 |     163 |      35 |  17.7 |      16 |       1 |   5.9
        D:3 |      71 |      36 |  33.6 |      16 |       8 |  33.3
        D:4 |     498 |       0 |   0.0 |      18 |       0 |   0.0
        D:5 |     291 |       0 |   0.0 |      19 |       0 |   0.0
        D:6 |    1234 |       0 |   0.0 |      15 |       0 |   0.0
        D:7 |    1044 |     651 |  38.4 |      18 |       1 |   5.3
            +---------+---------+-------+---------+---------+-------

Illustrated notes

Table legend:
 A = Kills in this place as a percentage of kills in entire the game.
 B = Kills by you in this place as a percentage of kills by you in the entire game.
 C = Kills by friends in this place as a percentage of kills by friends in the entire game.
 D = Other kills in this place as a percentage of other kills in the entire game.
 E = Experience gained in this place as a percentage of experience gained in the entire game.
 F = Experience gained in this place divided by the number of levels of this place that you have seen.
                   A       B       C       D       E      F
               +-------+-------+-------+-------+-------+----------------------
         Total | 100.0 | 100.0 | 100.0 |   N/A | 100.0 | 581.9
       Dungeon | 100.0 | 100.0 | 100.0 |   N/A | 100.0 | 581.9
               +-------+-------+-------+-------+-------+----------------------

Table legend: (Time is in decaauts)
 A = Elapsed time spent in this place.
 B = Non-inter-level travel time spent in this place.
 C = Inter-level travel time spent in this place.
 D = Time resting spent in this place.
 E = Time spent auto-exploring this place.
 F = Levels seen in this place.
 G = Mean time per level.
                   A        B        C        D        E       F      G
               +--------+--------+--------+--------+--------+-----+--------+
         Total |   9134 |   8596 |    538 |    645 |   6781 |   7 | 1304.9 |
       Dungeon |   9134 |   8596 |    538 |    645 |   6781 |   7 | 1304.9 |
               +--------+--------+--------+--------+--------+-----+--------+

Top non-repeatable levels by time:
     D:1: 2107 daAuts
     D:3: 1547 daAuts
     D:2: 1308 daAuts
     D:6: 1283 daAuts
     D:5: 1278 daAuts
     D:4: 1192 daAuts
     D:7: 418 daAuts
